 Dungeon Crawl Stone Soup version 0.30-a0-1016-gfb0d676c02 (webtiles) character file.

Game seed: 8814692752686852971

12668 gelatine the Cleaver (level 11, -7/89 HPs)
             Began as a Demonspawn Fighter on Apr 7, 2023.
             Was an Elder of Makhleb.
             Mangled by a two-headed ogre
             ... wielding a +0 giant spiked club
              (10 damage)
             ... on level 12 of the Dungeon.
             The game lasted 00:28:31 (10887 turns).

gelatine the Cleaver (Demonspawn Fighter)          Turns: 10887, Time: 00:28:32

Health: -7/89      AC: 27    Str: 32    XL:     11   Next: 65%
Magic:  0/17       EV:  6    Int: 10    God:    Makhleb [****..]
Gold:   1136       SH:  9    Dex: 13    Spells: 10/10 levels left

rFire   . . .      SeeInvis .    a - +2 war axe (venom)
rCold   . . .      Faith    .    N - +0 kite shield
rNeg    . . .      Spirit   +    E - +3 crystal plate armour
rPois   .          Reflect  .    d - +1 helmet
rElec   .          Rampage  .    A - +0 cloak
rCorr   .                        k - +0 pair of gloves
Will    .....                    g - +0 pair of boots Stlth
                                 G - amulet of guardian spirit
HPRegen 0.34/turn                b - +6 ring of strength
MPRegen 0.15/turn                p - +6 ring of strength

@: mighty, studying Fighting
A: hooves 1, foul stench 1, powered by pain 2
a: Renounce Religion, Minor Destruction, Lesser Servant of Makhleb, Major
Destruction


You were on level 12 of the Dungeon.
You worshipped Makhleb.
Makhleb was greatly pleased with you.
You visited 2 branches of the dungeon, and saw 13 of its levels.

You collected 1563 gold pieces.
You spent 427 gold pieces at shops.

Inventory:

Hand Weapons
 a - a +2 war axe of venom (weapon)
 U - a +0 war axe
Missiles
 Q - 2 silver javelins (quivered)
 T - 4 boomerangs
Armour
 d - a +1 helmet (worn)
 g - a +0 pair of boots (worn)
 k - a +0 pair of gloves (worn)
 A - a +0 cloak (worn)
 E - a +3 crystal plate armour (worn)
 N - a +0 kite shield (worn)
Jewellery
 b - a +6 ring of strength (left hand)
 f - a ring of protection from fire
 m - a ring of ice
 p - a +6 ring of strength (right hand)
 y - a ring of positive energy
 G - an amulet of guardian spirit (around neck)
 J - a ring of willpower
 L - a ring of see invisible
 M - an amulet of regeneration
 O - an amulet of the acrobat
 S - a ring of resist corrosion
Wands
 o - a wand of roots (11)
 u - a wand of mindburst (26)
 w - a wand of polymorph (6)
 x - a wand of charming (8)
 R - a wand of flame (7)
Scrolls
 c - 3 scrolls of silence
 i - 4 scrolls of amnesia
 j - a scroll of blinking
 n - 4 scrolls of teleportation
 q - a scroll of torment
 r - 2 scrolls of noise
 s - 7 scrolls of fog
 v - 3 scrolls of fear {unknown}
 B - 2 scrolls of vulnerability {unknown}
 I - a scroll of poison {unknown}
 K - 2 scrolls of immolation
Potions
 e - 2 potions of might
 h - 2 potions of heal wounds
 l - 3 potions of brilliance
 t - a potion of lignification
 z - 5 potions of flight
 C - 2 potions of invisibility
 D - a potion of ambrosia
 F - 3 potions of attraction
 H - 4 potions of curing
 P - a potion of berserk rage {unknown}


   Skills:
 * Level 9.0 Fighting
 * Level 10.4 Axes
 + Level 2.1 Throwing
 * Level 7.3 Armour
 * Level 5.9 Dodging
 * Level 5.9 Shields
 * Level 8.2 Invocations
 + Level 0.5 Evocations


You had 10 spell levels left.
You didn't know any spells.
Your spell library contained the following spells:

 Spells                   Type           Power      Damage    Failure   Level
 Blink                    Tloc           0%         N/A       100%        2
 Cigotuvi's Dreadful Rot  Necr/Pois/Air  0%         N/A       100%        2
 Lesser Beckoning         Tloc           0%         N/A       100%        2
 Momentum Strike          Conj/Tloc      0%         3d8       100%        2
 Ignite Poison            Fire/Tmut/Pois 0%         N/A       100%        3
 Volatile Blastmotes      Fire/Tloc      0%         2d10      100%        3
 Fulminant Prism          Conj/Hex       0%         3d5       100%        4
 Iskenderun's Mystic Bla  Conj/Tloc      0%         2d3       100%        4
 Freezing Cloud           Conj/Ice/Air   0%         6-21      100%        5
 Lee's Rapid Deconstruct  Erth           0%         3d4*      100%        5


Dungeon Overview and Level Annotations

Branches:
Dungeon (12/15)            Temple (1/1) D:5            Lair (0/5) D:9
    Orc: D:9-12

Altars:
Ashenzari
Cheibriados
Dithmenos
Fedhas
Gozag
Hepliaklqana
Kikubaaqudgha
Makhleb
Nemelex Xobeh
Okawaru
Qazlal
Ru
Sif Muna
Trog
Uskayaw
Vehumet
Wu Jian
Xom
Yredelemnul

Shops:
D:5 ?

Annotations:
D:10 3 runed translucent doors, LobsterGuardian's ghost, journeyman DsFE
D:12 Snorg


Innate Abilities, Weirdness & Mutations

You have large cloven feet.
You may rarely emit foul miasma when damaged in melee.
You sometimes gain power by taking damage.


Message History

You kill the orc!
Makhleb accepts your kill.
You feel better.
You feel sick. You block the death knight's attack.
You strike the helpless death knight from behind!
You slash the death knight!
The death knight is moderately wounded.
You barely miss the yak.
You flicker back into view.
You feel sick.
The yak bellows!
The death knight mumbles some strange prayers to Yredelemnul against you.
Your body is wracked with pain!
The yak gores you but does no damage.
You slash the death knight!
The death knight looks as sick as possible!
The death knight is moderately wounded.
You hit the yak but do no damage.
The yak is poisoned.
You feel sick.
The death knight hits you with a +0 battleaxe of venom!
* * * LOW HITPOINT WARNING * * *
You focus on the pain.
You feel very mighty all of a sudden.
You are more poisoned.
The yak barely misses you.
Snorg goes berserk!
You feel very sick.
The gargoyle hits you but does no damage.
There is a stone staircase leading up here.
You feel very sick.
The death knight offers itself to Yredelemnul, and fills with unholy energy.
The gargoyle hurls a stone arrow at you.
The stone arrow hits you!!
* * * LOW HITPOINT WARNING * * *
There is a stone staircase leading up, spattered with blood here.
You feel better.
The death knight reflects your damage back at you!
The two-headed ogre hits you with a +0 giant spiked club!
* * * LOW HITPOINT WARNING * * *
You focus on the pain.
You feel mightier all of a sudden.
You emit a cloud of foul miasma!
The two-headed ogre hits you with a +0 giant club!
You die...

############################
...........@p9)Oo...........
............OYlYY.).........
.............YoY............
.............TY..Y.)........
.................Y..........
.................o....).....
.................Y..........
............................
##########################..


You could see Snorg (berserk), a death knight (reflects damage, extremely
poisoned), 2 two-headed ogres, a komodo dragon, 9 yaks, a gargoyle, an orc
priest and 2 orcs.

Vanquished Creatures
  3 two-headed ogres
  A kobold demonologist (D:11)
  A komodo dragon (D:9)
  3 trolls
  A hornet (D:8)
  Grinder (D:5)
  2 shadows
  A wraith (D:9)
  A wyvern (D:8)
  27 yaks
  2 basilisks
  A steam dragon (D:9)
  2 acid dragons
  2 water moccasins
  An orc warrior (D:10)
  A black bear (D:6)
  4 ice beasts
  2 ogres (D:6)
  5 centaurs
  3 phantoms
  3 kobold brigands
  3 bullfrogs
  7 scorpions
  A gnoll sergeant (D:6)
  8 wights
  4 killer bees (D:10)
  5 howler monkeys
  A crimson imp (D:5)
  A jelly (D:6)
  A gnoll bouda (D:6)
  An orc priest (D:3)
  10 hounds
  A sleepcap (D:4)
  4 iguanas (D:5)
  An orc wizard (D:5)
  Natasha (thrice) (D:4)
  Robin (D:2)
  13 gnolls
  9 adders
  A shadow imp (D:6)
  3 white imps
  2 ufetubi
  A worm (D:2)
  26 orcs
  3 ball pythons
  8 endoplasms
  4 giant cockroaches
  15 goblins
  8 hobgoblins
  5 jackals
  14 kobolds
  3 quokkas
  7 bats
  2 frilled lizards
  4 rats
247 creatures vanquished.

Vanquished Creatures (others)
  An orc wizard (D:5)
  2 orcs (D:12)
  A fungus (D:3)
  11 plants
15 creatures vanquished.

Grand Total: 262 creatures vanquished

Notes
Turn   | Place    | Note
-------+----------+-------------------------------------------
     0 | D:1      | gelatine the Demonspawn Fighter began the quest for the
                  | Orb.
     0 | D:1      | Reached XP level 1. HP: 18/18 MP: 1/1
   296 | D:1      | Gained mutation: You sometimes gain a little power by
                  | taking damage. [demonic ancestry]
   296 | D:1      | Reached XP level 2. HP: 21/24 MP: 2/2
   499 | D:1      | Reached skill level 2 in Axes
  1063 | D:2      | Gained mutation: You sometimes gain power by taking damage.
                  | [demonic ancestry]
  1063 | D:2      | Reached XP level 3. HP: 12/29 MP: 3/3
  1069 | D:2      | Noticed Robin
  1077 | D:2      | HP: 1/29 [hobgoblin[Robin] (5)]
  1208 | D:2      | Killed Robin
  1353 | D:2      | Found a burning altar of Makhleb.
  1361 | D:2      | Became a worshipper of Makhleb the Destroyer
  1631 | D:2      | Reached XP level 4. HP: 26/35 MP: 4/4
  2136 | D:3      | Found a shimmering altar of Xom.
  2222 | D:3      | Reached skill level 3 in Axes
  2234 | D:3      | Reached skill level 1 in Invocations
  2234 | D:3      | Reached XP level 5. HP: 14/41 MP: 5/5
  3076 | D:3      | Found a faded altar of an unknown god.
  3308 | D:4      | Reached * piety under Makhleb
  3522 | D:4      | Reached skill level 1 in Dodging
  3524 | D:4      | Noticed Natasha
  3530 | D:4      | Killed Natasha
  3531 | D:4      | Reached XP level 6. HP: 38/48 MP: 5/7
  3593 | D:4      | Found a hide-covered altar of Uskayaw.
  3601 | D:4      | Noticed Natasha
  3616 | D:4      | Killed Natasha
  3617 | D:4      | Reached skill level 4 in Axes
  3671 | D:4      | Found a burning altar of Makhleb.
  3988 | D:4      | Noticed Natasha
  3996 | D:4      | Killed Natasha
  4063 | D:5      | Entered Level 5 of the Dungeon
  4077 | D:5      | Found Joikio Dusch's Magic Scroll Emporium.
  4087 | D:5      | Reached XP level 7. HP: 49/55 MP: 7/9
  4190 | D:5      | Reached skill level 5 in Axes
  4332 | D:5      | Reached ** piety under Makhleb
  4346 | D:5      | Bought a scroll of enchant armour for 105 gold pieces
  4346 | D:5      | Bought a scroll of enchant weapon for 105 gold pieces
  4365 | D:5      | Gained mutation: You may rarely emit foul miasma when
                  | damaged in melee. [demonic ancestry]
  4365 | D:5      | Reached XP level 8. HP: 61/61 MP: 10/10
  4421 | D:5      | Reached skill level 6 in Axes
  4479 | D:5      | Noticed Grinder
  4501 | D:5      | Paralysed by Grinder for 3 turns
  4506 | D:5      | Paralysed by Grinder for 4 turns
  4660 | D:5      | Reached skill level 5 in Fighting
  4819 | D:5      | Killed Grinder
  4961 | D:5      | Found a staircase to the Ecumenical Temple.
  4982 | D:5      | Reached skill level 7 in Axes
  5145 | Temple   | Entered the Ecumenical Temple
  5551 | D:5      | Reached XP level 9. HP: 68/68 MP: 12/12
  5975 | D:6      | Reached skill level 1 in Throwing
  6141 | D:6      | Noticed a two-headed ogre
  6159 | D:6      | Killed a two-headed ogre
  6160 | D:6      | Reached skill level 5 in Armour
  6160 | D:6      | Reached skill level 5 in Invocations
  6222 | D:6      | Reached skill level 8 in Axes
  6396 | D:6      | Reached *** piety under Makhleb
  6659 | D:6      | Found a broken altar of Ashenzari.
  6660 | D:6      | Found a snail-covered altar of Cheibriados.
  6662 | D:6      | Found a shadowy altar of Dithmenos.
  6664 | D:6      | Found an ancient bone altar of Kikubaaqudgha.
  6665 | D:6      | Found a stormy altar of Qazlal.
  6786 | D:7      | Reached XP level 10. HP: 27/77 MP: 11/14
  7360 | D:7      | Found a hazy altar of Hepliaklqana.
  7992 | D:8      | Reached skill level 5 in Dodging
  8249 | D:5      | Bought a scroll of identify for 28 gold pieces
  8249 | D:5      | Bought a scroll of brand weapon for 133 gold pieces
  8249 | D:5      | Bought a scroll of identify for 28 gold pieces
  8249 | D:5      | Bought a scroll of identify for 28 gold pieces
  8251 | D:5      | Identified a scroll of acquirement
  8253 | D:5      | Acquired a manual of Fighting
  8404 | D:9      | Reached skill level 9 in Axes
  8895 | D:9      | Found a staircase to the Lair.
  8916 | D:9      | Reached skill level 5 in Shields
  9016 | D:10     | Entered Level 10 of the Dungeon
  9058 | D:10     | Gained mutation: You have large cloven feet. [demonic
                  | ancestry]
  9058 | D:10     | Reached XP level 11. HP: 54/86 MP: 8/16
  9193 | D:10     | Found a runed translucent gate.
  9194 | D:10     | Found a runed translucent gate.
  9195 | D:10     | Found a runed translucent gate.
  9196 | D:10     | Noticed LobsterGuardian's ghost (journeyman DsFE)
  9497 | D:10     | Reached **** piety under Makhleb
  9518 | D:10     | Noticed a two-headed ogre
  9524 | D:10     | Killed a two-headed ogre
  9785 | D:11     | Reached skill level 10 in Axes
  9788 | D:11     | Found a broken altar of Ashenzari.
  9820 | D:11     | Acquired 925 gold pieces
  9882 | D:11     | Noticed a two-headed ogre
  9890 | D:11     | Killed a two-headed ogre
 10848 | D:12     | Noticed Snorg
 10849 | D:12     | Noticed a two-headed ogre
 10854 | D:12     | Noticed a death knight
 10856 | D:12     | Noticed a deep elf pyromancer
 10858 | D:12     | Noticed a two-headed ogre
 10886 | D:12     | HP: 3/89 [gargoyle/stone arrow (13)]
 10887 | D:12     | Mangled by a two-headed ogre

Illustrated notes

Levels and vault maps discovered:
D:1:      saegor_arrival_under_anarchy, layout_basic
D:2:      layout_basic, basic_altar, uniq_robin
D:3:      layout_basic, nicolae_overflow_crystal_walls,
          shapermc_ecumenical_altar_hornbeckon, chequers_avenue
D:4:      layout_loops_cross, mainiacjoe_overflow_large_starburst, uniq_natasha
D:5:      cheibrodos_fzero, layout_loops_ring, minmay_temple_entry_wispy,
          kennysheep_minor_cross, minmay_shop_grid_forest,
          nicolae_concentric_dashed_squares_wild, minmay_fire_ice_demons,
          uniq_grinder
D:6:      layout_rooms, grunt_temple_overflow_open,
          amcnicky_mini_rare_corridor_liquid, interstate_on_off
D:7:      layout_cave_pools, nicolae_hepliaklqana_hazy_memory,
          hangedman_abyss_or_decor_lesser_grid
D:8:      layout_basic
D:9:      layout_irregular_city, david_lair_shrubbed, minivault_16,
          minmay_misc_feat_cross
D:10:     minmay_angry_zag, layout_small_grid, ebering_ghost_rock_garden
D:11:     layout_loops_corners, evilmike_ruin_ashenzari
D:12:     layout_big_octagon, erik_orc_1, uniq_snorg
Temple:   dshaligram_water_room_temple

Skill      XL: |  1  2  3  4  5  6  7  8  9 10 11 |
---------------+----------------------------------+-----
Axes           | 2 3 4 5 7 8 9 10 | 10.4
Armour         | 3 4 5 6 7 |  7.3
Shields        | 3 4 5 |  5.9
Invocations    | 1 2 3 4 5 7 8 |  8.2
Fighting       | 4 5 6 8 9 |  9.0
Dodging        | 1 2 3 4 5 |  5.9
Throwing       | 1 2 |  2.1
Evocations     | |  0.5

Action                     |  1- 3 |  4- 6 |  7- 9 | 10-12 || total
---------------------------+-------+-------+-------+-------++-------
  Melee: War axe           |   108 |   166 |   286 |   220 ||   780
  Throw: Javelin           |       |     5 |    34 |    35 ||    74
         Dart              |       |       |       |     1 ||     1
  Evoke: Wand              |       |       |     6 |       ||     6
    Use: Potion            |     2 |       |     1 |     2 ||     5
         Scroll            |       |     4 |     8 |    15 ||    27
   Stab: Invisible         |       |       |       |     2 ||     2
 Armour: Scale mail        |    62 |    86 |       |       ||   148
         Crystal plate arm |       |    17 |   307 |   161 ||   485
  Dodge: Dodged            |    64 |    89 |    76 |    63 ||   292
  Block: Buckler           |    29 |    38 |    84 |       ||   151
         Kite shield       |       |       |     6 |   133 ||   139

Table legend: (Time is in decaauts)
 A = Elapsed time spent in this place.
 B = Non-inter-level travel time spent in this place.
 C = Inter-level travel time spent in this place.
 D = Time resting spent in this place.
 E = Time spent auto-exploring this place.
 F = Levels seen in this place.
 G = Mean time per level.
                   A        B        C        D        E       F      G
               +--------+--------+--------+--------+--------+-----+--------+
         Total |  11174 |  10682 |    492 |      0 |   8333 |  13 |  859.5 |
       Dungeon |  11083 |  10611 |    472 |      0 |   8273 |  12 |  923.6 |
        Temple |     90 |     70 |     20 |      0 |     60 |   1 |   90.0 |
               +--------+--------+--------+--------+--------+-----+--------+

Top non-repeatable levels by time:
     D:5: 1609 daAuts
     D:1: 1171 daAuts
     D:6: 1132 daAuts
     D:3: 1110 daAuts
    D:11: 1032 daAuts
     D:4: 977 daAuts
     D:2: 935 daAuts
     D:7: 916 daAuts
    D:10: 760 daAuts
     D:9: 723 daAuts
     D:8: 609 daAuts
    D:12: 104 daAuts
  Temple: 90 daAuts
